 Dungeon Crawl Stone Soup version 0.27-a0-124-g19cb506db8 (webtiles) character file.

Game seed: 11190556696279431938

37978 tsouns the Frost Mage (level 14, -8/106 HPs)
             Began as a Gnoll Ice Elementalist on Jan 6, 2021.
             Was a High Priest of Vehumet.
             Drowned by a drowned soul (15 damage)
             ... summoned by a merfolk avatar
             ... on level 6 of the Lair of Beasts on Jan 25, 2021.
             The game lasted 00:44:32 (15999 turns).

tsouns the Frost Mage (Gnoll Ice Elementalist)     Turns: 15999, Time: 00:44:33

Health: -8/106     AC: 22    Str: 10    XL:     14   Next: 0%
Magic:  23/28      EV: 20    Int: 22    God:    Vehumet [*****.]
Gold:   1046       SH:  0    Dex: 21    Spells: 12/33 levels left

rFire    . . .     SeeInvis .   G - +5 scythe "Finisher" {speed, eviscerate}
rCold    . . .     Faith    .   (shield currently unavailable)
rNeg     . . .     Spirit   .   m - +2 leather armour of Zouffoji {Dex+4}
rPois    .         Reflect  .   r - +0 helmet
rElec    .         Harm     .   (no cloak)
rCorr    +         Rampage  .   e - +1 pair of gloves
Will     +....                  F - +0 pair of boots
Stlth    ++........             (no amulet)
HPRegen  0.27/turn              N - ring of resist corrosion
MPRegen  0.21/turn              j - +4 ring of protection

@: icy armour, frozen ramparts, mesmerised, hasted, slow
A: distributed training, fangs 1, strong nose
a: Renounce Religion


You were on level 6 of the Lair of Beasts.
You worshipped Vehumet.
Vehumet was extremely pleased with you.
You visited 2 branches of the dungeon, and saw 15 of its levels.
You also visited: Ossuary.

You collected 1046 gold pieces.

Inventory:

Hand Weapons
 d - a +2 vampiric trident
 o - a +0 war axe
 G - the +5 scythe "Finisher" (weapon) {speed, eviscerate}
   (You found it on level 7 of the Dungeon)

   Attacks with this weapon are significantly faster.
 O - the +10 mace of the Apocalypse {freeze, Int+2}
   (You found it on level 3 of the Lair of Beasts)

   It has been specially enchanted to freeze those struck by it, causing extra
   injury to most foes and up to half again as much damage against particularly
   susceptible opponents.
   It can also slow down cold-blooded creatures.
   It affects your intelligence (+2).
Missiles
 h - 62 bolts
 s - 3 throwing nets
 t - 8 javelins
 M - 7 curare-tipped darts (quivered)
Armour
 e - a +1 pair of gloves (worn)
 m - the +2 leather armour of Zouffoji (worn) {Dex+4}
   (You found it on level 7 of the Dungeon)

   It affects your dexterity (+4).
 r - a +0 helmet (worn)
 F - a +0 pair of boots (worn)
Jewellery
 g - an uncursed ring of ice
 j - a +4 ring of protection (right hand)
 I - an uncursed ring of willpower
 N - a ring of resist corrosion (left hand)
 Q - an uncursed ring of positive energy
Wands
 a - a wand of random effects (24)
 y - a wand of flame (49)
 A - a wand of polymorph (8)
 B - a wand of acid (21)
 D - a wand of iceblast (7)
 J - a wand of paralysis (9)
Scrolls
 k - 6 scrolls of remove curse
 u - 3 scrolls of amnesia
 v - 2 scrolls of fog
 z - a scroll of fear
 K - 2 scrolls of enchant weapon
 L - 2 scrolls of magic mapping
 P - a scroll of immolation
Potions
 b - 3 potions of attraction
 c - 5 potions of curing
 l - 4 potions of lignification
 n - 2 potions of haste
 p - 3 potions of brilliance
 q - 5 potions of cancellation {unknown}
 w - 2 potions of ambrosia {unknown}
 x - 3 potions of might {unknown}
 C - a potion of flight
 E - a potion of resistance {unknown}
 H - 2 potions of invisibility {unknown}


   Skills:
 + Level 8.8 Fighting
 + Level 8.8 Short Blades
 + Level 8.8 Long Blades
 + Level 8.8 Axes
 + Level 8.8 Maces & Flails
 + Level 8.8 Polearms
 + Level 8.8 Staves
 + Level 8.8 Slings
 + Level 8.8 Bows
 + Level 8.8 Crossbows
 + Level 8.8 Throwing
 + Level 8.8 Armour
 + Level 9.9 Dodging
 + Level 9.7 Stealth
 + Level 8.8 Shields
 + Level 8.8 Unarmed Combat
 + Level 10.1 Spellcasting
 + Level 7.3 Conjurations
 + Level 7.3 Hexes
 + Level 7.3 Summonings
 + Level 7.3 Necromancy
 + Level 7.3 Translocations
 + Level 7.3 Transmutations
 + Level 7.3 Fire Magic
 + Level 10.2 Ice Magic
 + Level 7.3 Air Magic
 + Level 7.3 Earth Magic
 + Level 7.3 Poison Magic
 + Level 9.6 Invocations
 + Level 8.8 Evocations


You had 12 spell levels left.
You knew the following spells:

 Your Spells              Type           Power        Failure   Level
a - Freeze                Ice            100%         1%          1
b - Frozen Ramparts       Ice            100%         1%          3
c - Ozocubu's Armour      Ice            54%          1%          3
d - Hailstorm             Conj/Ice       49%          1%          4
e - Summon Ice Beast      Ice/Summ       49%          1%          4
f - Sticky Flame          Conj/Fire      43%          1%          4
g - Blink                 Tloc           N/A          1%          2

Your spell library contained the following spells:

 Spells                   Type           Power        Failure   Level
 Conjure Ball Lightning   Conj/Air       21%          16%         6
 Foxfire                  Conj/Fire      100%         1%          1
 Magic Dart               Conj           100%         1%          1
 Shock                    Conj/Air       100%         1%          1
 Call Imp                 Summ           43%          1%          2
 Corpse Rot               Necr/Air       N/A          1%          2
 Slow                     Hex            43%          1%          2
 Swiftness                Air            43%          1%          2
 Conjure Flame            Conj/Fire      43%          1%          3
 Inner Flame              Hex/Fire       43%          1%          3
 Mephitic Cloud           Conj/Pois/Air  43%          1%          3
 Static Discharge         Conj/Air       43%          1%          3
 Stone Arrow              Conj/Erth      86%          1%          3
 Airstrike                Air            21%          1%          4
 Fireball                 Conj/Fire      21%          3%          5
 Lightning Bolt           Conj/Air       21%          3%          5
 Summon Forest            Summ/Tloc      21%          11%         5
 Eringya's Noxious Bog    Tmut/Pois      21%          16%         6
 Hydra Form               Tmut           21%          50%         6
 Summon Hydra             Summ           21%          97%         7


Dungeon Overview and Level Annotations

Branches:
Dungeon (9/15)             Temple (0/1) D:4            Lair (6/6) D:9
  Swamp (0/4) Lair:4       Spider (0/4) Lair:4      Ossuary (visited)
  Slime: Lair:5-6       Orc: D:9-12

Altars:
Dithmenos
Fedhas
Makhleb
Nemelex Xobeh
Ru
Sif Muna
Trog
Vehumet
Wu Jian
Xom
Zin


Innate Abilities, Weirdness & Mutations

Your experience applies equally to all skills.
You have very sharp teeth.
Your uncanny sense of smell can sniff out nearby items.


Message History

The merfolk avatar chants its luring song.
Unknown command.
Unknown command.
You slash the elephant!
You bite the elephant, but do no damage.
The elephant is almost dead.
The wall freezes the elephant.
The elephant tramples you but does no damage.
The elephant barely misses you. The drowned soul touches you.
The drowned soul drowns you!
* * * LOW HITPOINT WARNING * * *
The drowned soul touches you. The drowned soul drowns you!
* * * LOW HITPOINT WARNING * * *
You feel better.
The wall freezes the elephant.
The elephant tramples you!
* * * LOW HITPOINT WARNING * * *
You stumble backwards!
Splash!
Unknown command.
You feel better. The drowned soul touches you. The drowned soul drowns you!
You die...

...#..≈.#≈≈..≈≈.#≈≈#.≈≈# ≈
....#.≈≈≈P≈≈≈≈≈≈≈≈≈≈≈≈≈≈≈
......≈≈≈≈≈≈≈≈≈≈≈≈≈≈≈≈≈≈P≈
......≈#.≈########...#####
........#≈#≈≈8#8≈≈≈≈≈≈≈≈
...^ .≈≈≈≈≈≈≈≈#≈≈≈≈#≈≈≈≈
♣♣♣...≈≈≈≈.≈≈≈#≈≈≈#≈#≈≈≈
..♣ ... #≈.≈≈≈#≈≈≈≈≈≈≈≈≈
......≈##≈#≈≈≈≈Y@≈W=()≈# .
♣[..≈≈≈≈≈8≈≈≈≈W$W≈?≈≈
♣♣♣##≈≈≈≈≈≈≈8≈≈≈≈m$W≈[≈#
...##.≈##≈#≈≈≈≈≈≈≈$[(|≈≈
...##≈..#≈#≈≈≈#≈≈≈≈≈≈≈≈≈
.....≈≈≈≈≈.≈≈≈#≈≈≈≈≈≈≈≈≈
.....#≈≈≈≈≈≈≈≈#≈≈P≈≈≈≈≈≈
≈≈≈≈
......≈##≈.≈≈.#≈≈≈≈≈≈≈≈≈
#≈#.
.....#.##≈.#############
###≈.#


You could see a merfolk avatar (mesmerising), an elephant and 4 drowned souls.

Vanquished Creatures
  Snorg (Lair:3)
  3 hydras (Lair:6)
  Erolcha (D:9)
  2 boulder beetles
  Harold (D:7)
  A catoblepas (Lair:6)
  A death yak (Lair:6)
  A two-headed ogre (D:9)
  Sonja (Lair:3)
  9 elephants
  A manticore (Lair:6)
  A black mamba (Lair:4)
  A torpor snail (Lair:6)
  8 cane toads
  4 rime drakes
  A demonic crawler (Lair:4)
  7 komodo dragons
  8 polar bears
  A wind drake (Lair:6)
  Grinder (D:3)
  10 blink frogs
  6 dream sheep (Lair:6)
  8 wyverns
  5 wraiths (D:7)
  46 yaks
  An orc warrior (D:6)
  15 water moccasins
  3 black bears
  3 phantoms
  6 wolves (Lair:2)
  5 centaurs
  4 ogres
  14 bullfrogs
  A scorpion (Lair:4)
  19 killer bees
  11 wights
  2 bullfrog zombies
  5 hounds
  A quasit (D:9)
  3 orc priests (D:6)
  4 iguanas
  6 orc wizards
  11 worker ants
  7 big kobold zombies (Ossuary)
  A mummy (Ossuary)
  7 gnolls
  12 adders
  2 shadow imps
  5 white imps
  2 ufetubi
  3 adder skeletons
  5 worms
  A dart slug (D:1)
  4 leopard geckos
  37 orcs
  4 spectral bats (Ossuary)
  4 ball pythons
  9 giant cockroaches
  5 hobgoblins
  10 jackals
  A quokka (D:5)
  9 bats
  5 bat simulacra (Ossuary)
  2 frilled lizards
  5 gnoll zombies (Ossuary)
  2 goblin simulacra (Ossuary)
  2 goblin zombies (Ossuary)
  5 hobgoblin zombies (Ossuary)
  A jackal zombie (D:8)
  6 kobolds
  2 kobold simulacra (Ossuary)
  5 kobold zombies (Ossuary)
  A leopard gecko skeleton (D:7)
  A leopard gecko zombie (D:7)
  6 orc zombies (Ossuary)
  A quokka skeleton (D:7)
  A quokka zombie (D:5)
  2 rats
  3 rat simulacra (Ossuary)
  A spectral goblin (Ossuary)
  2 spectral kobolds (Ossuary)
  2 spectral rats (Ossuary)
426 creatures vanquished.

Vanquished Creatures (others)
  A blink frog (Lair:6)
  16 bushes (Lair:6)
  32 fungi
  91 plants
140 creatures vanquished.

Grand Total: 566 creatures vanquished

Notes
Turn   | Place    | Note
-------+----------+-------------------------------------------
     0 | D:1      | tsouns the Gnoll Ice Elementalist began the quest for the
                  | Orb.
     0 | D:1      | Reached XP level 1. HP: 13/13 MP: 6/6
   232 | D:1      | Reached XP level 2. HP: 19/19 MP: 5/7
   617 | D:2      | Reached skill level 5 in Spellcasting
   617 | D:2      | Reached XP level 3. HP: 25/25 MP: 2/9
   621 | D:2      | Learned a level 3 spell: Frozen Ramparts
   625 | D:2      | Learned a level 3 spell: Ozocubu's Armour
  1172 | D:2      | Reached skill level 1 in Invocations
  1502 | D:3      | Noticed Grinder
  1519 | D:3      | Paralysed by Grinder for 4 turns
  1532 | D:3      | Paralysed by Grinder for 3 turns
  1539 | D:3      | Killed Grinder
  1540 | D:3      | Reached skill level 1 in Fighting
  1540 | D:3      | Reached skill level 1 in Short Blades
  1540 | D:3      | Reached skill level 1 in Long Blades
  1540 | D:3      | Reached skill level 1 in Axes
  1540 | D:3      | Reached skill level 1 in Maces & Flails
  1540 | D:3      | Reached skill level 1 in Polearms
  1540 | D:3      | Reached skill level 1 in Staves
  1540 | D:3      | Reached skill level 1 in Slings
  1540 | D:3      | Reached skill level 1 in Bows
  1540 | D:3      | Reached skill level 1 in Crossbows
  1540 | D:3      | Reached skill level 1 in Throwing
  1540 | D:3      | Reached skill level 1 in Armour
  1540 | D:3      | Reached skill level 1 in Shields
  1540 | D:3      | Reached skill level 1 in Unarmed Combat
  1540 | D:3      | Reached skill level 1 in Conjurations
  1540 | D:3      | Reached skill level 1 in Hexes
  1540 | D:3      | Reached skill level 1 in Summonings
  1540 | D:3      | Reached skill level 1 in Necromancy
  1540 | D:3      | Reached skill level 1 in Translocations
  1540 | D:3      | Reached skill level 1 in Transmutations
  1540 | D:3      | Reached skill level 1 in Fire Magic
  1540 | D:3      | Reached skill level 1 in Air Magic
  1540 | D:3      | Reached skill level 1 in Earth Magic
  1540 | D:3      | Reached skill level 1 in Poison Magic
  1540 | D:3      | Reached skill level 1 in Evocations
  1540 | D:3      | Reached XP level 4. HP: 30/33 MP: 1/11
  1540 | D:3      | Reached XP level 5. HP: 35/38 MP: 1/12
  1540 | D:3      | Reached XP level 6. HP: 40/44 MP: 1/13
  1734 | D:3      | Found an ornate altar of the Wu Jian Council.
  1791 | D:3      | Found a faded altar of an unknown god.
  1835 | D:3      | Became a worshipper of Vehumet
  1835 | D:3      | Reached * piety under Vehumet
  1835 | D:3      | Offered knowledge of Foxfire by Vehumet.
  2527 | D:4      | Found a shimmering blue altar of Sif Muna.
  2527 | D:4      | Found a blossoming altar of Fedhas.
  2527 | D:4      | Found a sparkling altar of Nemelex Xobeh.
  2527 | D:4      | Found a bloodstained altar of Trog.
  2534 | D:5      | Entered Level 5 of the Dungeon
  2551 | D:5      | Reached skill level 5 in Dodging
  2815 | D:5      | Learned a level 4 spell: Hailstorm
  2820 | D:5      | Learned a level 4 spell: Summon Ice Beast
  2903 | D:5      | Found a sand-covered staircase.
  2912 | Ossuary  | Entered an ossuary
  2922 | Ossuary  | Offered knowledge of Sandblast by Vehumet.
  2943 | Ossuary  | Reached ** piety under Vehumet
  3156 | Ossuary  | Offered knowledge of Conjure Flame by Vehumet.
  3361 | Ossuary  | Reached XP level 7. HP: 50/50 MP: 15/15
  3387 | Ossuary  | Reached *** piety under Vehumet
  3529 | Ossuary  | Offered knowledge of Iskenderun's Mystic Blast by Vehumet.
  3735 | D:5      | Found a glowing silver altar of Zin.
  4128 | D:5      | Reached skill level 5 in Stealth
  4705 | D:5      | Reached XP level 8. HP: 55/57 MP: 16/16
  4885 | D:4      | Reached **** piety under Vehumet
  4906 | D:4      | Offered knowledge of Lee's Rapid Deconstruction by Vehumet.
  5160 | D:4      | Found a staircase to the Ecumenical Temple.
  5881 | D:6      | Reached XP level 9. HP: 39/65 MP: 10/18
  6682 | D:6      | Found a shimmering altar of Xom.
  6749 | D:7      | Noticed Harold
  6759 | D:7      | Killed Harold
  6760 | D:7      | Reached skill level 5 in Invocations
  7142 | D:7      | Reached XP level 10. HP: 72/73 MP: 20/20
  7476 | D:7      | Got an ancient leather armour
  7487 | D:7      | Identified the +2 leather armour of Zouffoji {Dex+4} (You
                  | found it on level 7 of the Dungeon)
  7759 | D:7      | Reached skill level 5 in Fighting
  7759 | D:7      | Reached skill level 5 in Short Blades
  7759 | D:7      | Reached skill level 5 in Long Blades
  7759 | D:7      | Reached skill level 5 in Axes
  7759 | D:7      | Reached skill level 5 in Maces & Flails
  7759 | D:7      | Reached skill level 5 in Polearms
  7759 | D:7      | Reached skill level 5 in Staves
  7759 | D:7      | Reached skill level 5 in Slings
  7759 | D:7      | Reached skill level 5 in Bows
  7759 | D:7      | Reached skill level 5 in Crossbows
  7759 | D:7      | Reached skill level 5 in Throwing
  7759 | D:7      | Reached skill level 5 in Armour
  7759 | D:7      | Reached skill level 5 in Shields
  7759 | D:7      | Reached skill level 5 in Unarmed Combat
  7759 | D:7      | Reached skill level 5 in Evocations
  7938 | D:7      | Found the +5 scythe "Finisher" {speed, eviscerate}
  8128 | D:8      | Reached ***** piety under Vehumet
  8128 | D:8      | Offered knowledge of Eringya's Noxious Bog by Vehumet.
  8135 | D:8      | Learned a level 4 spell: Sticky Flame
  8166 | D:8      | Found a shadowy altar of Dithmenos.
  8166 | D:8      | Found a sacrificial altar of Ru.
  8262 | D:8      | Found a burning altar of Makhleb.
  8656 | D:8      | Found a sacrificial altar of Ru.
  8979 | D:9      | Noticed Erolcha
  8988 | D:9      | Killed Erolcha
  9180 | D:9      | Learned a level 2 spell: Blink
  9340 | D:9      | Noticed a two-headed ogre
  9354 | D:9      | Killed a two-headed ogre
  9355 | D:9      | Reached XP level 11. HP: 32/81 MP: 22/22
  9763 | D:9      | Found a staircase to the Lair.
 10761 | D:9      | Reached skill level 5 in Conjurations
 10761 | D:9      | Reached skill level 5 in Hexes
 10761 | D:9      | Reached skill level 5 in Summonings
 10761 | D:9      | Reached skill level 5 in Necromancy
 10761 | D:9      | Reached skill level 5 in Translocations
 10761 | D:9      | Reached skill level 5 in Transmutations
 10761 | D:9      | Reached skill level 5 in Fire Magic
 10761 | D:9      | Reached skill level 5 in Air Magic
 10761 | D:9      | Reached skill level 5 in Earth Magic
 10761 | D:9      | Reached skill level 5 in Poison Magic
 10830 | Lair:1   | Entered Level 1 of the Lair of Beasts
 11259 | Lair:1   | You fall into a shaft and drop 1 floor!
 11566 | Lair:2   | Noticed a boulder beetle
 11572 | Lair:2   | HP: 1/83 [boulder beetle (24)]
 11575 | Lair:2   | Killed a boulder beetle
 11953 | Lair:2   | Reached XP level 12. HP: 89/89 MP: 15/24
 12487 | Lair:3   | Noticed Sonja
 12505 | Lair:3   | Killed Sonja
 12735 | Lair:3   | Noticed Snorg
 12744 | Lair:3   | Killed Snorg
 12905 | Lair:3   | Got a faintly glowing mace
 12906 | Lair:3   | Identified the +10 mace of the Apocalypse {freeze, Int+2}
                  | (You found it on level 3 of the Lair of Beasts)
 14012 | Lair:4   | Found a hole to the Spider Nest.
 14016 | Lair:4   | Offered knowledge of Conjure Ball Lightning by Vehumet.
 14421 | Lair:4   | Upgraded the game from 0.27-a0-46-g34d46f0a3f to
                  | 0.27-a0-124-g19cb506db8
 14477 | Lair:4   | Found a staircase to the Swamp.
 14669 | Lair:4   | You fall into a shaft and drop 1 floor!
 14678 | Lair:5   | You fall into a shaft and drop 1 floor!
 14678 | Lair:6   | Entered Level 6 of the Lair of Beasts
 14679 | Lair:6   | Noticed a five-headed hydra
 14683 | Lair:6   | Noticed a catoblepas
 14685 | Lair:6   | Noticed a boulder beetle
 14689 | Lair:6   | Reached XP level 13. HP: 71/98 MP: 9/26
 14983 | Lair:6   | Reached skill level 10 in Ice Magic
 15587 | Lair:6   | Reached skill level 10 in Spellcasting
 15925 | Lair:6   | Reached XP level 14. HP: 106/106 MP: 28/28
 15998 | Lair:6   | HP: 2/106 [elephant (10)]
 15999 | Lair:6   | Drowned by a drowned soul

Illustrated notes

Levels and vault maps discovered:
D:1:      evilmike_arrival_plus, layout_rooms, minmay_bisected
D:2:      layout_basic, grunt_ministairs_11
D:3:      layout_basic, old_standard_altar, chequers_ecumenical_altar_island,
          roderic_lattice_a, uniq_grinder
D:4:      layout_rooms, nicolae_overflow_hidden_temple, temple_statues
D:5:      black_bear_nest_1, layout_cave_pods, zin_scriptorium,
          nicolae_ossuary_entry_monument, hex_tiny
D:6:      layout_loops_ring, lemuel_coloured_pillars_altar,
          gup_sewer_entry_glass
D:7:      layout_rooms, roderic_three_in_a_row, minmay_crystal_room,
          minmay_guarded_unrand_finisher, uniq_harold
D:8:      layout_rooms, kennysheep_mini_moat,
          gammafunk_temple_overflow_elements, serial_co_window_serial,
          co_window_paths_a, co_window_corner_a, co_window_cross_1,
          co_window_paths_a, co_window_cross_1, co_window_corner_b,
          co_window_2corner, co_window_of_opportunity_b, co_window_sun,
          glass_columns_c, glass_columns_b, glass_columns_a, chequers_avenue,
          nicolae_ru_sacrificial_ziggurat
D:9:      layout_stronghold, lair_entry_dummy, uniq_erolcha
Lair:1:   layout_loops_ring, chequers_serial_rivers_room_a
Lair:2:   layout_hall_layers
Lair:3:   layout_loops_ring, chequers_serial_rivers_micro_e, uniq_snorg,
          uniq_sonja
Lair:4:   layout_hall_layers, swamp_mist, nicolae_spider_entry_non_spiders,
          kennysheep_rathole, grunt_megastairs_1, infiniplex_staircase_pool_2,
          minmay_lair_oklob_chamber
Lair:5:   layout_loops_ring, minmay_slime_entry_pillars, grunt_megastairs_2,
          serial_bayou_shore_a, lemuel_fruit_tree, infiniplex_staircase_pool,
          lemuel_fruit_fields
Lair:6:   gammafunk_lair_ancient_temple, layout_hall_layers, serial_forest,
          infiniplex_forest_straight_4, infiniplex_forest_straight_4,
          infiniplex_forest_clump_tiny, infiniplex_forest_clump_diagonal,
          infiniplex_forest_straight_4

Skill      XL: |  1  2  3  4  5  6  7  8  9 10 11 12 13 |
---------------+----------------------------------------+-----
Spellcasting   | 5 6 7 8 9 10 | 10.1
Invocations    | 2 3 4 5 6 7 8 9 |  9.6
Fighting       | 1 2 3 4 5 6 7 8 |  8.8
Short Blades   | 1 2 3 4 5 6 7 8 |  8.8
Long Blades    | 1 2 3 4 5 6 7 8 |  8.8
Axes           | 1 2 3 4 5 6 7 8 |  8.8
Maces & Flails | 1 2 3 4 5 6 7 8 |  8.8
Polearms       | 1 2 3 4 5 6 7 8 |  8.8
Staves         | 1 2 3 4 5 6 7 8 |  8.8
Slings         | 1 2 3 4 5 6 7 8 |  8.8
Bows           | 1 2 3 4 5 6 7 8 |  8.8
Crossbows      | 1 2 3 4 5 6 7 8 |  8.8
Throwing       | 1 2 3 4 5 6 7 8 |  8.8
Armour         | 1 2 3 4 5 6 7 8 |  8.8
Shields        | 1 2 3 4 5 6 7 8 |  8.8
Unarmed Combat | 1 2 3 4 5 6 7 8 |  8.8
Conjurations   | 1 2 3 4 5 6 7 |  7.3
Hexes          | 1 2 3 4 5 6 7 |  7.3
Summonings     | 1 2 3 4 5 6 7 |  7.3
Necromancy     | 1 2 3 4 5 6 7 |  7.3
Translocations | 1 2 3 4 5 6 7 |  7.3
Transmutations | 1 2 3 4 5 6 7 |  7.3
Fire Magic     | 1 2 3 4 5 6 7 |  7.3
Air Magic      | 1 2 3 4 5 6 7 |  7.3
Earth Magic    | 1 2 3 4 5 6 7 |  7.3
Poison Magic   | 1 2 3 4 5 6 7 |  7.3
Evocations     | 1 2 3 4 5 6 7 8 |  8.8
Dodging        | 5 6 7 8 9 |  9.9
Stealth        | 5 6 7 8 9 |  9.7
Ice Magic      | 8 9 10 | 10.2

Action                   |  1- 3 |  4- 6 |  7- 9 | 10-12 | 13-15 || total
-------------------------+-------+-------+-------+-------+-------++-------
Melee: Unarmed           |     3 |       |       |       |       ||     3
       War axe           |    12 |    20 |       |       |       ||    32
       Bite              |     2 |    11 |    25 |    39 |     7 ||    84
       Punch             |     1 |     3 |     5 |     1 |       ||    10
       Trident           |       |   162 |   286 |    60 |       ||   508
       Scythe            |       |       |       |   281 |    82 ||   363
       Mace              |       |       |       |    20 |       ||    20
Throw: Javelin           |     4 |     2 |       |       |     9 ||    15
       Throwing net      |     1 |       |       |       |     1 ||     2
       Dart              |       |       |       |       |     3 ||     3
 Cast: Freeze            |    48 |    13 |    43 |     8 |    10 ||   122
       Frozen Ramparts   |     1 |     2 |    21 |    39 |    12 ||    75
       Ozocubu's Armour  |       |     1 |     6 |     9 |    10 ||    26
       Hailstorm         |       |       |    18 |    38 |    21 ||    77
       Sticky Flame      |       |       |       |     8 |    22 ||    30
       Blink             |       |       |       |     2 |       ||     2
       Summon Ice Beast  |       |       |       |     1 |       ||     1
  Use: Scroll            |     3 |     7 |     7 |    11 |     2 ||    30
       Potion            |     1 |       |       |     1 |     9 ||    11
 Stab: Sleeping          |       |    12 |     9 |    20 |     1 ||    42
       Distracted        |       |       |     1 |     2 |       ||     3
Armor: Robe              |    19 |    29 |    82 |    10 |       ||   140
       Leather armour    |       |       |       |   120 |    59 ||   179
Dodge: Dodged            |    29 |   109 |   250 |   356 |   126 ||   870

Table legend: (Time is in decaauts)
 A = Elapsed time spent in this place.
 B = Non-inter-level travel time spent in this place.
 C = Inter-level travel time spent in this place.
 D = Time resting spent in this place.
 E = Time spent auto-exploring this place.
 F = Levels seen in this place.
 G = Mean time per level.
                   A        B        C        D        E       F      G
               +--------+--------+--------+--------+--------+-----+--------+
         Total |  16190 |  15904 |    286 |      0 |  12839 |  16 | 1011.9 |
       Dungeon |  10256 |  10027 |    229 |      0 |   8263 |   9 | 1139.6 |
          Lair |   5190 |   5133 |     57 |      0 |   4206 |   6 |  865.0 |
       Ossuary |    743 |    743 |      0 |      0 |    370 |   1 |  743.0 |
               +--------+--------+--------+--------+--------+-----+--------+

Top non-repeatable levels by time:
     D:9: 1879 daAuts
     D:5: 1560 daAuts
     D:7: 1408 daAuts
  Lair:6: 1325 daAuts
  Lair:3: 1251 daAuts
  Lair:2: 1232 daAuts
     D:6: 1223 daAuts
     D:3: 1030 daAuts
     D:2: 974 daAuts
  Lair:4: 940 daAuts
     D:8: 895 daAuts
     D:4: 752 daAuts
 Ossuary: 743 daAuts
     D:1: 532 daAuts
  Lair:1: 431 daAuts
